Description

This is an All-in build based on Cyclones built from a reactor'd factory. This will use all gas you can collect from 2 geysers, so don't forget to get the second one as soon as you can. All minerals left will be used by constant marine production and supply depots.

Replay - Battle on the Boardwalk LE (16)

Build Order

Get SALT Encoding   

  12  0:01  SCV  
  13  0:13  SCV  
  14  0:17  Supply Depot  
  14  0:25  SCV  
  15  0:29  Refinery  Important! Gas First!
  15  0:39  SCV  
  16  0:46  Barracks  
  16  0:51  SCV  
  17  1:00  Refinery  Important! Second gas as soon as possible!
  17  1:03  SCV  
  18  1:15  SCV  
  19  1:27  SCV  
  20  1:35  Factory  
  20  1:37  Barracks Reactor  Build the reactor on barracks, then fly
  20  1:39  SCV  
  21  1:42  Supply Depot  
  21  1:51  SCV  
  22  2:09  Orbital Command  Use 2 mules, then save for scans
  22  2:27  Cyclone x2  
  22  2:28  Marine  
  29  2:39  Supply Depot  Keep building supplies, one after the other, using the same worker
  30  2:46  Marine  
  30  3:05  Cyclone x2  
  36  3:06  Marine  
  37  3:19  Supply Depot  
  37  3:24  Marine  
  39  3:41  Cyclone x2, Marine  
  45  3:59  Marine  
Spawning Tool Build Advisor. Get it on Overwolf

Go to:

Details

  • Created by: jonathas
  • Published on: Dec 17, 2017
  • Modified on: Dec 17, 2017
  • Patch: 4.0.0
Show
View Real Time Build Order
Export as new Build Order

Comments (1)

On Jan. 29, 2018, 7:46 p.m., tharodan  said:

Thanks for the build. I've been struggling a lot in standard TvT, and just needed a build to lighten the pressure a bit. Cheers.

Create an account to comment!